 Dungeon Crawl Stone Soup version 0.25-a0-1007-g10a8c3caa8 (webtiles) character file.

Game seed: 1468471177709994533, levelgen mode: deterministic

641 Flugslaktarn the Chopper (level 7, -5/61 HPs)
             Began as a Minotaur Fighter on May 11, 2020.
             Was an Initiate of Makhleb.
             Killed by nerve-wracking pain
             ... invoked by Menkaure
              (8 damage)
             ... on level 4 of the Dungeon.
             The game lasted 00:01:15 (2248 turns).

Flugslaktarn the Chopper (Minotaur Fighter)         Turns: 2248, Time: 00:01:16

Health: -5/61      AC:  8    Str: 21    XL:     7   Next: 26%
Magic:  6/6        EV:  7    Int:  5    God:    Makhleb [......]
Gold:   162        SH: 10    Dex: 11    Spells: 6/6 levels left

rFire    . . .     SeeInvis +   a - +0 war axe
rCold    . . .     Gourm    .   c - +0 kite shield
rNeg     . . .     Faith    .   b - +0 scale mail
rPois    .         Spirit   .   (helmet restricted)
rElec    .         Reflect  .   (no cloak)
rCorr    .         Harm     .   n - +0 pair of gloves
MR       .....                  (no boots)
Stlth    ..........             (no amulet)
HPRegen  0.20/turn              i - ring of see invisible
MPRegen  0.10/turn              (no ring)

@: no status effects
A: retaliatory headbutt, horns 2
a: Renounce Religion


You were on level 4 of the Dungeon.
You worshipped Makhleb.
Makhleb was noncommittal.
You were hungry.

You visited 1 branch of the dungeon, and saw 4 of its levels.

You collected 162 gold pieces.

Inventory:

Hand Weapons
 a - a +0 war axe (weapon)
Armour
 b - a +0 scale mail (worn)
 c - a +0 kite shield (worn)
 n - a +0 pair of gloves (worn)
   (You found it on level 2 of the Dungeon)
Jewellery
 g - an uncursed ring of ice {unknown}
   (You found it on level 1 of the Dungeon)
 i - a ring of see invisible (left hand)
   (You found it on level 2 of the Dungeon)
Wands
 s - a wand of paralysis (4)
   (You took it off Ijyb on level 4 of the Dungeon)
Scrolls
 f - 3 scrolls of remove curse {unknown}
 l - a scroll of enchant armour {unknown}
 o - 3 scrolls of identify {unknown}
 q - a scroll of amnesia {unknown}
 r - a scroll of noise {unknown}
 u - a scroll of immolation {unknown}
Potions
 h - a potion of degeneration {unknown}
 j - 2 potions of brilliance {unknown}
 k - a potion of curing {unknown}
 m - 2 potions of lignification {unknown}
 p - a potion of resistance {unknown}
 t - 2 potions of mutation {unknown}
Comestibles
 e - 7 rations


   Skills:
 + Level 5.4 Fighting
 * Level 6.4 Axes
 + Level 5.4 Armour
 + Level 5.5 Shields
 + Level 0.8 Invocations


You had 6 spell levels left.
You didn't know any spells.
Your spell library was empty.

Dungeon Overview and Level Annotations

Branches:
Dungeon (4/15)
 Temple: D:4-7

Altars:
Makhleb
Nemelex Xobeh

Shops:
D:4 *

Annotations:
D:4 Menkaure


Innate Abilities, Weirdness & Mutations

You reflexively headbutt those who attack you in melee.
You have a pair of horns on your head.


Message History

You are too injured to fight recklessly!
You are too injured to fight recklessly!
You are too injured to fight recklessly!
You are too injured to fight recklessly!
You are too injured to fight recklessly!
Unknown command.
You hit Menkaure.
Menkaure is moderately damaged.
Menkaure hits you but does no damage. Menkaure closely misses you.
You furiously retaliate!
You headbutt Menkaure! You hit Menkaure.
Menkaure is almost destroyed.
You block Menkaure's attack.
You hit Menkaure.
Menkaure is almost destroyed.
Menkaure hits you.
* * * LOW HITPOINT WARNING * * *
Menkaure gestures at you while chanting.
Pain shoots through your body!
You die...

#.# ####.# ########..#
#.# #.# ....[.....# ##.#
#.# ########.##
.#.##########.######
#######.##
>....................
..........#
#..##.##...##.#######
#.######..#
#.###.##...##.#
#.......... #.#
#.##..###.######
##.######..# #.#
#.###.......@M.###...##
#..# #.# #.#
#####.####.##.....####..#
#.# #.# #.#
#..............# #.# #.#
##.## ##.....#####.# #..
..# #...#######...## #..
### #............## ###
#...########## #####


You could see Menkaure (fast).

Vanquished Creatures
  Grinder (D:3)
  Edmund (D:3)
  A howler monkey (D:4)
  A hound (D:4)
  An orc priest (D:4)
  A worker ant (D:4)
  Ijyb (D:4)
  Natasha (thrice) (D:4)
  An orc wizard (D:3)
  Robin (D:3)
  3 adders
  2 worms (D:3)
  A dart slug (D:1)
  A leopard gecko (D:3)
  5 orcs
  A giant cockroach (D:1)
  A gnoll zombie (D:4)
  18 goblins
  3 hobgoblins
  5 bats (D:1)
  A frilled lizard (D:3)
  5 kobolds
  2 rats
  2 rat zombies (D:4)
62 creatures vanquished.

Notes
Turn   | Place    | Note
-------+----------+-------------------------------------------
     0 | D:1      | Flugslaktarn the Minotaur Fighter began the quest for the
                  | Orb.
     0 | D:1      | Reached XP level 1. HP: 19/19 MP: 0/0
   190 | D:1      | Reached XP level 2. HP: 24/27 MP: 1/1
   311 | D:1      | Reached skill level 3 in Axes
   567 | D:3      | Noticed Robin
   575 | D:3      | Reached XP level 3. HP: 30/33 MP: 2/2
   583 | D:3      | Killed Robin
   620 | D:3      | Noticed Grinder
   858 | D:3      | Killed Grinder
   858 | D:3      | Reached skill level 5 in Axes
   858 | D:3      | Reached XP level 4. HP: 32/41 MP: 3/3
   858 | D:3      | Reached XP level 5. HP: 37/47 MP: 4/4
   947 | D:3      | Reached XP level 6. HP: 54/55 MP: 5/5
  1059 | D:3      | Found a sparkling altar of Nemelex Xobeh.
  1170 | D:4      | Noticed Edmund
  1196 | D:3      | Killed Edmund
  1196 | D:3      | Reached skill level 5 in Fighting
  1196 | D:3      | Reached skill level 5 in Armour
  1196 | D:3      | Reached skill level 5 in Shields
  1743 | D:4      | Found a burning altar of Makhleb.
  1743 | D:4      | Noticed Natasha
  1744 | D:4      | Noticed Ijyb
  1750 | D:4      | Killed Natasha
  1750 | D:4      | Reached skill level 6 in Axes
  1756 | D:4      | Killed Ijyb
  1756 | D:4      | Reached XP level 7. HP: 54/61 MP: 6/6
  1768 | D:4      | Became a worshipper of Makhleb the Destroyer
  1824 | D:4      | Noticed Natasha
  1829 | D:4      | Killed Natasha
  2054 | D:4      | Found Ofuvuf's General Store.
  2054 | D:4      | Noticed Natasha
  2067 | D:4      | Killed Natasha
  2240 | D:4      | Noticed Menkaure
  2248 | D:4      | HP: 3/61 [Menkaure (5)]
  2248 | D:4      | Killed from afar by Menkaure

Illustrated notes

Levels and vault maps discovered:
D:1:      onia_arrival_pyramid, layout_loops_ring
D:2:      layout_basic, xom_teletrap_fun
D:3:      layout_rooms, lemuel_round_altar, uniq_robin, uniq_grinder
D:4:      layout_loops_ring, lemuel_crystal_altar, serial_shops, shop,
          enter_ossuary_3, uniq_edmund, uniq_menkaure, uniq_natasha, uniq_ijyb

Skill      XL: |  1  2  3  4  5  6 |
---------------+-------------------+-----
Axes           | 3 5 6 |  6.4
Shields        | 4 5 |  5.5
Fighting       | 4 5 |  5.4
Armour         | 4 5 |  5.4
Invocations    | |  0.8

Action                   |  1- 3 |  4- 6 |  7- 9 || total
-------------------------+-------+-------+-------++-------
Melee: War axe           |    62 |    64 |    33 ||   159
       Headbutt          |     9 |    16 |     6 ||    31
  Use: Potion            |     1 |       |       ||     1
  Eat: Chunk             |       |     3 |     1 ||     4
Armor: Scale mail        |    41 |    20 |    12 ||    73
Dodge: Dodged            |    18 |    17 |     8 ||    43
Block: Kite shield       |    37 |    37 |    12 ||    86

Table legend:
 A = Non-vault XP
 B = Vault XP
 C = Vault XP percentage of total XP
 D = Non-vault monster count
 E = Vault monster count
 F = Vault count percentage of total count
                 A         B        C        D         E       F
            +---------+---------+-------+---------+---------+-------
      Total |     388 |     528 |  57.6 |      42 |      20 |  32.3
            +---------+---------+-------+---------+---------+-------
        D:1 |      27 |       0 |   0.0 |      16 |       0 |   0.0
        D:2 |      14 |       0 |   0.0 |       1 |       0 |   0.0
        D:3 |      96 |     454 |  82.5 |      17 |      15 |  46.9
        D:4 |     251 |      74 |  22.8 |       8 |       5 |  38.5
            +---------+---------+-------+---------+---------+-------
